 Dungeon Crawl Stone Soup version 0.31-a0-845-g9abc20d24f (webtiles) character file.

Game seed: 6698431172896548245

819 D12ThenQuit the Cutter (level 7, -3/56 HPs)
             Began as a Vampire Reaver on Oct 1, 2023.
             Was an Initiate of Okawaru.
             Slain by a gnoll
             ... wielding a +0 whip
             ... led by a gnoll bouda
              (9 damage)
             ... on level 4 of the Dungeon.
             The game lasted 00:12:00 (4444 turns).

D12ThenQuit the Cutter (Vampire Reaver)             Turns: 4444, Time: 00:12:01

Health: -3/56      AC:  5    Str: 19    XL:     7   Next: 63%
Magic:  10/10      EV: 12    Int: 16    God:    Okawaru [......]
Gold:   205        SH:  0    Dex: 12    Spells: 9/10 levels left

rFire   . . .        a - +2 dagger (elec)
rCold   . . .        (no shield)
rNeg    . . .        b - +0 leather armour
rPois   .            h - +0 helmet
rElec   .            (no cloak)
rCorr   .            k - +0 pair of gloves
SInv    +            (no boots)
Will    .....        l - amulet of regeneration
Stlth   +            f - +6 ring of strength
HPRegen 1.29/turn    (no ring)
MPRegen 0.12/turn

%: no passive effects
@: about to teleport, healing quickly
A: alive, fangs 3, see invisible, vampiric 2
a: Exsanguinate, Renounce Religion


You were on level 4 of the Dungeon.
You worshipped Okawaru.
Okawaru was noncommittal.
You visited 2 branches of the dungeon, and saw 6 of its levels.

You collected 205 gold pieces.

Inventory:

Hand Weapons
 a - a +2 dagger of electrocution (weapon)
 g - a +0 flail
 j - a +1 dagger of flaming
 r - a +0 short sword
Armour
 b - a +0 leather armour (worn)
 h - a +0 helmet (worn)
 k - a +0 pair of gloves (worn)
Jewellery
 f - a +6 ring of strength (left hand)
 l - an amulet of regeneration (around neck)
 p - an amulet of magic regeneration
Wands
 t - a wand of acid (11)
Scrolls
 c - 2 scrolls of enchant armour
 d - 2 scrolls of immolation
 m - a scroll of torment
 n - a scroll of amnesia
 o - 2 scrolls of vulnerability
Potions
 e - 2 potions of brilliance
 s - a potion of lignification {unknown}


   Skills:
 - Level 5.2 Fighting
 + Level 7.7 Short Blades
 - Level 3.0 Dodging
 - Level 2.0 Spellcasting
 - Level 2.1 Conjurations


You had 9 spell levels left.
You knew the following spells:

 Your Spells              Type           Power      Damage    Failure   Level
a - Kiss of Death         Conj/Necr      20%        2d7       16%         1

Your spell library contained the following spells:

 Spells                   Type           Power      Damage    Failure   Level
 Momentum Strike          Conj/Tloc      10%        3d8       24%         2
 Hailstorm                Conj/Ice       5%         3d4       43%         3
 Sigil of Binding         Hex            1%         N/A       58%         3
 Brom's Barrelling Bould  Conj/Erth      5%         2d3       83%         4
 Dimensional Bullseye     Hex/Tloc       0%         N/A       94%         4
 Leda's Liquefaction      Hex/Erth       0%         N/A       94%         4
 Iskenderun's Battlesphe  Conj           8%         2d6       95%         5
 Fireball                 Conj/Fire      2%         3d4       99%         5
 Conjure Ball Lightning   Conj/Air       2%         3x3d6     100%        6
 Orb of Destruction       Conj           4%         9d5       100%        7
 Summon Small Mammal      Summ           Unusable   N/A       N/A         1
 Call Canine Familiar     Summ           Unusable   N/A       N/A         3
 Summon Guardian Golem    Hex/Summ       Unusable   N/A       N/A         3

Dungeon Overview and Level Annotations

Branches:
Dungeon (5/15)             Temple (1/1) D:4

Altars:
Ashenzari
Cheibriados
Fedhas
Hepliaklqana
Okawaru
Ru
Trog
Uskayaw
Vehumet
Xom


Innate Abilities, Weirdness & Mutations

Your natural rate of healing is accelerated.
You have razor-sharp teeth.
You have supernaturally acute eyesight. (SInv)
You are afflicted with vampirism and can become a bat while bloodless.


Message History

The gnoll picks up the pace!
The gnoll misses you.
You hit the gnoll bouda.
The gnoll bouda is lightly wounded.
You closely miss the gnoll bouda. Your bite misses the gnoll bouda.
The gnoll bouda is lightly wounded.
Your attacks no longer feel as feeble.
The gnoll bouda hits you with a +0 whip.
The gnoll hits you with a +0 whip.
You are too injured to fight recklessly!
You are too injured to fight recklessly!
You hit the gnoll bouda.
The gnoll bouda is heavily wounded.
You hit the gnoll bouda but do no damage.
The gnoll bouda is heavily wounded.
The gnoll bouda closely misses you. The gnoll barely misses you.
You hit the gnoll bouda but do no damage.
The gnoll bouda is heavily wounded.
The gnoll bouda hits you with a +0 whip!
* * * LOW HITPOINT WARNING * * *
The gnoll closely misses you.
You completely miss the gnoll bouda.
The gnoll bouda is heavily wounded.
You hit the gnoll bouda but do no damage.
The gnoll bouda is heavily wounded.
The gnoll bouda hits you with a +0 whip!
* * * LOW HITPOINT WARNING * * *
The gnoll hits you with a +0 whip!
* * * LOW HITPOINT WARNING * * *
Okay, then.
You feel better. The gnoll bouda barely misses you.
The gnoll hits you but does no damage.
As you read the scroll of teleportation, it crumbles to dust.
You feel strangely unstable. The gnoll bouda barely misses you.
The gnoll closely misses you.
The gnoll bouda attacks as it pursues you!
The gnoll bouda hits you with a +0 whip!
* * * LOW HITPOINT WARNING * * *
The gnoll attacks as it pursues you! The gnoll hits you with a +0 whip!
You die...

#.....#..#####...[#'
#####..[..#...#..'....#.
#.........#...#..#....#.
#.........#...#..#....#.
#.........########....#.
#....................##'
##'##................#..
#..#................#..
#..#..@.............'..
#..#.gg.............###
#..'.....#'#####'#....#
#..#.....#...'...#....#
####.....#...#...#....#
#..#.....#...#...#....#
#..#.....#########....#
#..#...................
#..#...................


You could see a gnoll bouda and a gnoll (swift).

Vanquished Creatures
  Grinder (D:4)
  Eustachio (D:4)
  A phantom (D:4)
  A jelly (D:4)
  An orc priest (D:4)
  Jessica (D:2)
  Ijyb (D:4)
  3 orc wizards
  Robin (D:2)
  4 gnolls
  6 adders
  3 worms
  A dart slug (D:3)
  7 orcs
  10 endoplasms
  3 giant cockroaches
  16 goblins
  6 hobgoblins
  12 jackals
  4 quokkas
  10 ball pythons
  8 bats
  A frilled lizard (D:1)
  7 kobolds
  7 rats
116 creatures vanquished.

Notes
Turn   | Place    | Note
-------+----------+-------------------------------------------
     0 | D:1      | D12ThenQuit the Vampire Reaver began the quest for the Orb.
     0 | D:1      | Reached XP level 1. HP: 16/16 MP: 3/3
   342 | D:1      | Reached XP level 2. HP: 22/23 MP: 5/5
   731 | D:1      | Gained mutation: You are afflicted with vampirism and can
                  | become a bat while bloodless. [Vampire growth]
   731 | D:1      | Reached XP level 3. HP: 22/29 MP: 6/6
  1102 | D:2      | Noticed Jessica
  1207 | D:2      | Killed Jessica
  1208 | D:2      | Reached XP level 4. HP: 31/37 MP: 7/7
  1267 | D:2      | Noticed Robin
  1324 | D:2      | Killed Robin
  2361 | D:3      | Reached XP level 5. HP: 35/36 MP: 8/8
  2405 | D:3      | Found a shimmering altar of Xom.
  2506 | D:3      | Found a broken altar of Ashenzari.
  2597 | D:3      | Found a sacrificial altar of Ru.
  2617 | D:3      | Reached skill level 5 in Fighting
  3291 | D:4      | Noticed a phantom
  3307 | D:4      | Killed a phantom
  3308 | D:4      | Reached skill level 4 in Short Blades
  3308 | D:4      | Reached XP level 6. HP: 26/51 MP: 9/9
  3569 | D:4      | Noticed Grinder
  3580 | D:4      | Paralysed by Grinder for 5 turns
  3615 | D:4      | Killed Grinder
  3616 | D:4      | Reached skill level 6 in Short Blades
  3616 | D:4      | Reached XP level 7. HP: 10/56 MP: 10/10
  3769 | D:4      | Found a staircase to the Ecumenical Temple.
  3796 | Temple   | Entered the Ecumenical Temple
  3823 | Temple   | Became a worshipper of Warmaster Okawaru
  3975 | D:4      | Noticed Eustachio
  3998 | D:4      | Killed Eustachio
  3999 | D:4      | Reached skill level 7 in Short Blades
  4238 | D:4      | Noticed Ijyb
  4296 | D:4      | Killed Ijyb
  4421 | D:5      | Entered Level 5 of the Dungeon
  4441 | D:4      | HP: 1/56 [gnoll/+0 whip[a gnoll bouda] (8)]
  4444 | D:4      | Slain by a gnoll

Illustrated notes

Levels and vault maps discovered:
D:1:      lightli_iron_boxes, layout_loops_ring
D:2:      layout_basic, basic_altar, uniq_robin, uniq_jessica
D:3:      layout_basic, nicolae_ru_great_annihilating_truth,
          nicolae_ashenzari_skybound, xom_butterflies
D:4:      layout_gridville, minmay_temple_entry_trees,
          minmay_misc_feat_enclosed, minivault_1, uniq_grinder, uniq_ijyb,
          uniq_eustachio
D:5:      layout_loops_ring, gammafunk_ghost_icy, grunt_decor_one_mirror
Temple:   compressed_dpeg_triangle_lava_temple

Skill      XL: |  1  2  3  4  5  6  7 |
---------------+----------------------+-----
Fighting       | 2 3 4 5 |  5.2
Dodging        | 3 |  3.0
Short Blades   | 4 6 7 |  7.7
Spellcasting   | |  2.0
Conjurations   | |  2.1

Action                     |  1- 3 |  4- 6 |  7- 9 || total
---------------------------+-------+-------+-------++-------
  Melee: Short sword       |   132 |    71 |       ||   203
         Bite              |    13 |    20 |     9 ||    42
         Punch             |     1 |     4 |     1 ||     6
         Dagger            |       |   232 |    81 ||   313
   Cast: Kiss of Death     |       |     2 |       ||     2
    Use: Scroll            |       |     6 |     2 ||     8
         Potion            |       |     7 |     1 ||     8
   Stab: Sleeping          |       |     1 |       ||     1
         Paralysed         |       |     1 |       ||     1
 Armour: Leather armour    |    78 |   134 |    78 ||   290
  Dodge: Dodged            |    80 |   125 |    59 ||   264

Table legend: (Time is in decaauts)
 A = Elapsed time spent in this place.
 B = Non-inter-level travel time spent in this place.
 C = Inter-level travel time spent in this place.
 D = Time resting spent in this place.
 E = Time spent auto-exploring this place.
 F = Levels seen in this place.
 G = Mean time per level.
                   A        B        C        D        E       F      G
               +--------+--------+--------+--------+--------+-----+--------+
         Total |   4346 |   4169 |    177 |    720 |   1924 |   6 |  724.3 |
       Dungeon |   4303 |   4126 |    177 |    720 |   1924 |   5 |  860.6 |
        Temple |     42 |     42 |      0 |      0 |      0 |   1 |   42.0 |
               +--------+--------+--------+--------+--------+-----+--------+

Top non-repeatable levels by time:
     D:4: 1189 daAuts
     D:1: 1110 daAuts
     D:2: 1079 daAuts
     D:3: 913 daAuts
  Temple: 42 daAuts
     D:5: 10 daAuts
